PBL
PARIS CUBS @ CHESTER PIRATES
05/09/2049
 
TOP OF THE 1ST
Paris Cubs batting - Pitching for Chester Pirates : RHP Freddy Mulholland
Pitching: RHP Freddy Mulholland
Batting: RHB Willie Rubio 0-0: Ball
1-0: Ball
2-0: Ground out 5-3 (Groundball, 56S, EV 69.4 MPH)
Batting: RHB Michihisa Tanaka 0-0: Called Strike
0-1: Ball
1-1: Foul Ball, location: 2F
1-2: Strikes out swinging
Batting: LHB Jeremy Rideout 0-0: Ball
1-0: Foul Ball, location: 2F
1-1: Ball
2-1: Ball
3-1: Foul Ball, location: 2F
3-2: Fly out, F5 (Popup, 5, EV 78.8 MPH)
Top of the 1st over - 0 runs, 0 hits, 0 errors, 0 left on base; Paris 0 - Chester 0
BOTTOM OF THE 1ST
Chester Pirates batting - Pitching for Paris Cubs : RHP Chris P. Shephard
Pitching: RHP Chris P. Shephard
Batting: RHB Freddy Mulholland 0-0: Called Strike
0-1: Foul Ball, location: 2F
0-2: Strikes out swinging
Batting: SHB Thad Shearing 0-0: Called Strike
0-1: Called Strike
0-2: Ball
1-2: Ground out U3 (Groundball, 3L, EV 86.9 MPH)
Batting: RHB Zach Chmieleski 0-0: Ball
1-0: Called Strike
1-1: Foul Ball, location: 2F
1-2: Strikes out looking
Bottom of the 1st over - 0 runs, 0 hits, 0 errors, 0 left on base; Paris 0 - Chester 0
TOP OF THE 2ND
Paris Cubs batting - Pitching for Chester Pirates : RHP Freddy Mulholland
Batting: LHB David Mendez 0-0: Called Strike
0-1: Called Strike
0-2: Strikes out swinging
Batting: RHB Jesus Resendez 0-0: Fly out, F8 (Line Drive, 89M, EV 95.0 MPH)
Batting: LHB Cameron Marinelli 0-0: Ball
1-0: DOUBLE (Groundball, 3L, EV 96.2 MPH)
Batting: LHB Don Crockett 0-0: Ball
1-0: Ball
2-0: Ball
3-0: Called Strike
3-1: 2-RUN HOME RUN (Flyball, 9D, EV 106.2 MPH), Distance : 393 ft
Batting: RHB Jason Banks 0-0: Foul Ball, location: 2F
0-1: Ball
1-1: Ground out 5-3 (Groundball, 56S, EV 80.0 MPH)
Top of the 2nd over - 2 runs, 2 hits, 0 errors, 0 left on base; Paris 2 - Chester 0
BOTTOM OF THE 2ND
Chester Pirates batting - Pitching for Paris Cubs : RHP Chris P. Shephard
Batting: SHB Mike Corley 0-0: Ground out 4-3 (Groundball, 4, EV 105.6 MPH)
Batting: RHB Bob Buckler 0-0: Ball
1-0: Swinging Strike
1-1: Foul Ball, location: 2F
1-2: Reached on error, E7 (Flyball, 78S, EV 78.1 MPH)
Batting: RHB Steve Kane 0-0: Bunted foul
0-1: Reached on error, E3 (Groundball, 3S, EV 43.8 MPH)
Bob Buckler to second
Batting: RHB Matt Rangel 0-0: Ground out 5-3 (Groundball, 56S, EV 74.4 MPH)
Bob Buckler to third
Steve Kane to second
Batting: RHB William Lindsey 0-0: Called Strike
0-1: Ball
1-1: Ball
2-1: SINGLE (Groundball, 56S, EV 98.1 MPH)
Bob Buckler scores
Steve Kane to third
Runner from 3rd tries for Home, throw by LF and OUT! 7-2
Bottom of the 2nd over - 1 run, 1 hit, 2 errors, 1 left on base; Paris 2 - Chester 1
TOP OF THE 3RD
Paris Cubs batting - Pitching for Chester Pirates : RHP Freddy Mulholland
Batting: RHB Mike Prado 0-0: Ball
1-0: Ball
2-0: Foul Ball, location: 2F
2-1: Ball
3-1: Foul Ball, location: 2F
3-2: Base on Balls
Batting: RHB Willie Rubio 0-0: Ball
1-0: Foul Ball, location: 2F
1-1: Foul Ball, location: 2F
1-2: Strikes out swinging
Batting: RHB Michihisa Tanaka 0-0: Ball
1-0: Called Strike
1-1: Ball
2-1: Swinging Strike
2-2: Reached via error on a dropped throw from 2B, E3 (Groundball, 4M, EV 81.9 MPH)
Mike Prado to second
Batting: LHB Jeremy Rideout 0-0: Ball
1-0: Called Strike
1-1: Ball
2-1: Ball
3-1: Called Strike
3-2: Foul Ball, location: 2F
3-2: Fielders Choice at 2nd, 6-4 (Groundball, 6, EV 95.0 MPH)
Mike Prado to third
Batting: LHB David Mendez 0-0: Ball
1-0: Ball
2-0: Foul Ball, location: 2F
2-1: Ground out 4-3 (Groundball, 4, EV 80.6 MPH)
Top of the 3rd over - 0 runs, 0 hits, 1 error, 2 left on base; Paris 2 - Chester 1
BOTTOM OF THE 3RD
Chester Pirates batting - Pitching for Paris Cubs : RHP Chris P. Shephard
Batting: RHB Justin Todorovich 0-0: Ball
1-0: Called Strike
1-1: Swinging Strike
1-2: Strikes out swinging
Batting: RHB Freddy Mulholland 0-0: Ball
1-0: Foul Ball, location: 2F
1-1: Ball
2-1: Ball
3-1: Bunt for hit to 15 - play at first, batter safe!
Batting: SHB Thad Shearing 0-0: Ball
1-0: Ball
2-0: Called Strike
2-1: Foul Ball, location: 2F
2-2: Foul Ball, location: 2F
2-2: DOUBLE (Line Drive, 89D, EV 106.9 MPH)
Freddy Mulholland to third
Runner from 3rd tries for Home, SAFE, throw by CF to trailing runner, OUT at third! 8-3-5
Batting: RHB Zach Chmieleski 0-0: Swinging Strike
0-1: Foul Ball, location: 2F
0-2: Foul Ball, location: 2F
0-2: Ball
1-2: Ball
2-2: Ball
3-2: Foul Ball, location: 2F
3-2: Fly out, F2 (Popup, 3SF, EV 73.1 MPH)
Bottom of the 3rd over - 1 run, 2 hits, 0 errors, 0 left on base; Paris 2 - Chester 2
TOP OF THE 4TH
Paris Cubs batting - Pitching for Chester Pirates : RHP Freddy Mulholland
Batting: RHB Jesus Resendez 0-0: Fly out, F9 (Flyball, 9D, EV 99.4 MPH)
Batting: LHB Cameron Marinelli 0-0: Called Strike
0-1: SINGLE (Line Drive, 78S, EV 100.0 MPH)
Batting: LHB Don Crockett 0-0: Called Strike
0-1: Ball
1-1: Fielders Choice at 2nd, 2-4 (Groundball, 2L, EV 72.5 MPH)
Batting: RHB Jason Banks 0-0: SINGLE (Line Drive, 9S, EV 93.8 MPH)
Don Crockett to second
Runner from 2nd tries for 3rd, SAFE, throw by RF made to third
Batting: RHB Mike Prado 0-0: Ball
1-0: Ball
2-0: Swinging Strike
2-1: Ball
3-1: Fielders Choice at 2nd, 6-4 (Groundball, 6, EV 83.1 MPH)
Top of the 4th over - 0 runs, 2 hits, 0 errors, 2 left on base; Paris 2 - Chester 2
BOTTOM OF THE 4TH
Chester Pirates batting - Pitching for Paris Cubs : RHP Chris P. Shephard
Batting: SHB Mike Corley 0-0: Ball
1-0: Ball
2-0: Called Strike
2-1: Swinging Strike
2-2: Ball
3-2: Strikes out swinging
Batting: RHB Bob Buckler 0-0: Ball
1-0: Ball
2-0: Called Strike
2-1: Foul Ball, location: 2F
2-2: Ball
3-2: Base on Balls
Batting: RHB Steve Kane 0-0: Sac Bunt to 13 - play at second, runner OUT! 1-6
Batting: RHB Matt Rangel 0-0: Fielders Choice at 2nd, 6-4 (Groundball, 6, EV 88.8 MPH)
Bottom of the 4th over - 0 runs, 0 hits, 0 errors, 1 left on base; Paris 2 - Chester 2
TOP OF THE 5TH
Paris Cubs batting - Pitching for Chester Pirates : RHP Freddy Mulholland
Batting: RHB Willie Rubio 0-0: Called Strike
0-1: Ball
1-1: Ball
2-1: Fly out, F8 (Flyball, 89M, EV 80.0 MPH)
Batting: RHB Michihisa Tanaka 0-0: Ball
1-0: Called Strike
1-1: Swinging Strike
1-2: Ground out 4-3 (Groundball, 4, EV 92.5 MPH)
Batting: LHB Jeremy Rideout 0-0: Ground out 5-3 (Groundball, 5S, EV 79.4 MPH)
Top of the 5th over - 0 runs, 0 hits, 0 errors, 0 left on base; Paris 2 - Chester 2
BOTTOM OF THE 5TH
Chester Pirates batting - Pitching for Paris Cubs : RHP Chris P. Shephard
Batting: RHB William Lindsey 0-0: Foul Ball, location: 2F
0-1: Called Strike
0-2: Strikes out swinging
Batting: RHB Justin Todorovich 0-0: Ball
1-0: Called Strike
1-1: Swinging Strike
1-2: Strikes out looking
Batting: RHB Freddy Mulholland 0-0: SINGLE (Flyball, 56D, EV 89.4 MPH)
Batting: SHB Thad Shearing 0-0: Called Strike
0-1: Foul Ball, location: 2F
0-2: Ball
1-2: Strikes out swinging
Bottom of the 5th over - 0 runs, 1 hit, 0 errors, 1 left on base; Paris 2 - Chester 2
TOP OF THE 6TH
Paris Cubs batting - Pitching for Chester Pirates : RHP Freddy Mulholland
Batting: LHB David Mendez 0-0: Foul Ball, location: 2F
0-1: Ball
1-1: Called Strike
1-2: Ball
2-2: Fly out, F7 (Flyball, 78M, EV 89.4 MPH)
Pitching: RHP Corey Rothwell
Batting: RHB Jesus Resendez 0-0: Called Strike
0-1: SOLO HOME RUN (Line Drive, 78XD, EV 115.6 MPH), Distance : 454 ft
Batting: LHB Cameron Marinelli 0-0: Ball
1-0: SINGLE (Groundball, 34D, EV 104.4 MPH)
Batting: LHB Don Crockett 0-0: Ball
1-0: Called Strike
1-1: Ball
2-1: Ball
3-1: Swinging Strike
3-2: Strikes out swinging
Cameron Marinelli is caught stealing 2nd base 2-6
Batter strikes out.
Top of the 6th over - 1 run, 2 hits, 0 errors, 0 left on base; Paris 3 - Chester 2
BOTTOM OF THE 6TH
Chester Pirates batting - Pitching for Paris Cubs : RHP Chris P. Shephard
Batting: RHB Zach Chmieleski 0-0: Called Strike
0-1: Ball
1-1: Foul Ball, location: 2F
1-2: Ball
2-2: Ball
3-2: Foul Ball, location: 2F
3-2: Foul Ball, location: 2F
3-2: Ground out 5-3 (Groundball, 56, EV 83.8 MPH)
Pitching: RHP Brian Jarrett
Batting: SHB Mike Corley 0-0: Ball
1-0: Called Strike
1-1: Called Strike
1-2: Foul Ball, location: 2F
1-2: Fly out, F7 (Flyball, 7LSF, EV 91.2 MPH)
Batting: RHB Bob Buckler 0-0: Ball
1-0: Ball
2-0: Ball
3-0: Called Strike
3-1: Called Strike
3-2: Foul Ball, location: 2F
3-2: Fly out, F8 (Flyball, 8LXD, EV 106.2 MPH)
Bottom of the 6th over - 0 runs, 0 hits, 0 errors, 0 left on base; Paris 3 - Chester 2
TOP OF THE 7TH
Paris Cubs batting - Pitching for Chester Pirates : RHP Corey Rothwell
Batting: RHB Jason Banks 0-0: Ball
1-0: Swinging Strike
1-1: Called Strike
1-2: Ball
2-2: Strikes out swinging
Batting: RHB Mike Prado 0-0: Ball
1-0: Swinging Strike
1-1: Foul Ball, location: 2F
1-2: Ground out 4-3 (Groundball, 4, EV 85.6 MPH)
Batting: RHB Willie Rubio 0-0: Called Strike
0-1: Called Strike
0-2: Ball
1-2: Ball
2-2: Strikes out swinging
Top of the 7th over - 0 runs, 0 hits, 0 errors, 0 left on base; Paris 3 - Chester 2
BOTTOM OF THE 7TH
Chester Pirates batting - Pitching for Paris Cubs : RHP Brian Jarrett
Batting: RHB Steve Kane 0-0: Called Strike
0-1: Ground out 6-3 (Groundball, 56D, EV 86.9 MPH)
Batting: RHB Matt Rangel 0-0: Foul Ball, location: 2F
0-1: Ball
1-1: Foul Ball, location: 2F
1-2: Ball
2-2: Reached on error, E6 (Groundball, 6, EV 104.4 MPH)
Batting: RHB William Lindsey 0-0: Called Strike
0-1: SINGLE (Groundball, P, EV 95.6 MPH)
Matt Rangel to second
Batting: RHB Justin Todorovich 0-0: Sac Bunt to 3S - play at first, batter OUT! 3-1
Matt Rangel to third
William Lindsey to second
Batting: RHB Freddy Mulholland 0-0: SINGLE (Groundball, 56, EV 94.4 MPH)
Matt Rangel scores
William Lindsey to third
Runner from 3rd tries for Home, throw by LF and OUT! 7-2
Bottom of the 7th over - 1 run, 2 hits, 1 error, 1 left on base; Paris 3 - Chester 3
TOP OF THE 8TH
Paris Cubs batting - Pitching for Chester Pirates : RHP Corey Rothwell
Pinch Hitting: LHB Tyler Schuettler 0-0: Ball
1-0: Foul Ball, location: 2F
1-1: Swinging Strike
1-2: Foul Ball, location: 2F
1-2: Strikes out swinging
Batting: LHB Jeremy Rideout 0-0: Ball
1-0: Ball
2-0: Ball
3-0: Base on Balls
Batting: LHB David Mendez 0-0: Ball
1-0: Ball
2-0: Foul Ball, location: 2F
2-1: Foul Ball, location: 2F
2-2: Foul Ball, location: 2F
2-2: Ball
3-2: Foul Ball, location: 2F
3-2: Strikes out swinging
Pinch Hitting: LHB Zach Martin 0-0: Ball
1-0: Fly out, F5 (Popup, 56, EV 54.4 MPH)
Top of the 8th over - 0 runs, 0 hits, 0 errors, 1 left on base; Paris 3 - Chester 3
BOTTOM OF THE 8TH
Chester Pirates batting - Pitching for Paris Cubs : RHP Brian Jarrett
Now at 3B: Bobby DiBona
Now in RF: Zach Martin
Batting: SHB Thad Shearing 0-0: Swinging Strike
0-1: Swinging Strike
0-2: Ball
1-2: Foul Ball, location: 2F
1-2: Ball
2-2: Foul Ball, location: 2F
2-2: Foul Ball, location: 2F
2-2: Strikes out swinging
Batting: RHB Zach Chmieleski 0-0: Foul Ball, location: 2F
0-1: SINGLE (Groundball, 56D, EV 106.2 MPH)
Pitching: LHP Jose Gutierres
Batting: SHB Mike Corley 0-0: Ball
1-0: Foul Ball, location: 2F
1-1: Ball
2-1: Ball
3-1: Foul Ball, location: 2F
3-2: Base on Balls
Zach Chmieleski to second
Batting: RHB Bob Buckler 0-0: Foul Ball, location: 2F
0-1: Called Strike
0-2: Foul Ball, location: 2F
0-2: Strikes out looking
Batting: RHB Steve Kane 0-0: Ball
1-0: Foul Ball, location: 2F
1-1: Foul Ball, location: 2F
1-2: Strikes out looking
Bottom of the 8th over - 0 runs, 1 hit, 0 errors, 2 left on base; Paris 3 - Chester 3
TOP OF THE 9TH
Paris Cubs batting - Pitching for Chester Pirates : RHP Corey Rothwell
Pitching: RHP Tomas Cavazos
Batting: LHB Cameron Marinelli 0-0: Ball
1-0: Swinging Strike
1-1: Ground out 5-3 (Groundball, 56, EV 92.5 MPH)
Batting: LHB Don Crockett 0-0: Ball
1-0: Ball
2-0: Foul Ball, location: 2F
2-1: Swinging Strike
2-2: Ball
3-2: Foul Ball, location: 2F
3-2: Strikes out swinging
Batting: RHB Jason Banks 0-0: Swinging Strike
0-1: Ball
1-1: SINGLE (Groundball, 6M, EV 84.4 MPH) (infield hit)
Batting: RHB Mike Prado 0-0: Ball
1-0: Called Strike
Jason Banks steals 2nd base
1-1: Foul Ball, location: 2F
1-2: Strikes out swinging
Top of the 9th over - 0 runs, 1 hit, 0 errors, 1 left on base; Paris 3 - Chester 3
BOTTOM OF THE 9TH
Chester Pirates batting - Pitching for Paris Cubs : LHP Jose Gutierres
Pitching: RHP Justin Rodrigues
Batting: RHB Matt Rangel 0-0: Ball
1-0: Ball
2-0: Fly out, F8 (Flyball, 8LD, EV 92.5 MPH)
Batting: RHB William Lindsey 0-0: Foul Ball, location: 2F
0-1: Ball
1-1: Foul Ball, location: 2F
1-2: Ball
2-2: Strikes out swinging
Batting: RHB Justin Todorovich 0-0: Called Strike
0-1: Swinging Strike
0-2: Ball
1-2: Ball
2-2: Strikes out swinging
Bottom of the 9th over - 0 runs, 0 hits, 0 errors, 0 left on base; Paris 3 - Chester 3
TOP OF THE 10TH
Paris Cubs batting - Pitching for Chester Pirates : RHP Tomas Cavazos
Batting: RHB Willie Rubio 0-0: Called Strike
0-1: Ball
1-1: Ball
2-1: SINGLE (Groundball, 56S, EV 69.4 MPH) (infield hit)
Pinch Hitting: RHB Cormackle Poohdatoot 0-0: Swinging Strike
0-1: Swinging Strike
0-2: Foul Ball, location: 2F
0-2: Ball
1-2: Ball
2-2: Foul Ball, location: 2F
2-2: Strikes out swinging
Batting: LHB Jeremy Rideout 0-0: Called Strike
0-1: Reached on error, E5 (Groundball, 5, EV 107.5 MPH)
Willie Rubio to second
Batting: LHB David Mendez 0-0: Called Strike
0-1: Ball
1-1: Fly out, F9 (Flyball, 9LM, EV 90.0 MPH)
Pitching: RHP Yong-taek Hoang
Batting: LHB Zach Martin 0-0: Called Strike
0-1: Ball
1-1: Ball
2-1: Ball
3-1: Called Strike
3-2: Strikes out swinging
Top of the 10th over - 0 runs, 1 hit, 1 error, 2 left on base; Paris 3 - Chester 3
BOTTOM OF THE 10TH
Chester Pirates batting - Pitching for Paris Cubs : RHP Justin Rodrigues
Pitching: RHP Reginald Bamber
Now at 3B: Justin Berrie
Batting: RHB Freddy Mulholland 0-0: Ball
1-0: SINGLE (Groundball, 5S, EV 68.1 MPH) (infield hit)
Batting: SHB Thad Shearing 0-0: Called Strike
0-1: Foul Ball, location: 2F
0-2: Ball
1-2: Ball
2-2: Ball
3-2: Strikes out swinging
Batting: RHB Zach Chmieleski 0-0: Ball
1-0: Ball
2-0: Called Strike
2-1: Called Strike
2-2: Ball
3-2: Foul Ball, location: 2F
3-2: SINGLE (Groundball, 6MD, EV 101.9 MPH)
Freddy Mulholland to second
Batting: SHB Mike Corley 0-0: Ball
1-0: Foul Ball, location: 2F
1-1: Foul Ball, location: 2F
1-2: Fielders Choice at 2nd, 1-6 (Groundball, 34S, EV 72.5 MPH)
Freddy Mulholland to third
Batting: RHB Bob Buckler 0-0: Ball
1-0: 3-RUN HOME RUN (Flyball, 78XD, EV 105.0 MPH), Distance : 437 ft
Bottom of the 10th over - 3 runs, 3 hits, 0 errors, 0 left on base; Paris 3 - Chester 6
Sunday, July 16th , 2023 - OOTP Baseball 24.6 Build 69